 Dungeon Crawl Stone Soup version 0.23-a0-336-g43d87f4c55 (webtiles) character file.

722695 Rrauwl the Slayer (level 27, -54/209 HPs)
             Began as a Halfling Fighter on Oct 17, 2018.
             Was the Champion of Trog.
             Killed from afar by an ancient lich (64 damage)
             ... with a crystal spear
             ... on level 5 of the Realm of Zot on Oct 18, 2018.
             The game lasted 04:39:14 (78164 turns).

Rrauwl the Slayer (Halfling Fighter)               Turns: 78164, Time: 04:39:14

Health: -54/209    AC: 40    Str: 24    XL:     27
Magic:  37/37      EV: 21    Int:  7    God:    Trog [******]
Gold:   6630       SH: 22    Dex: 21    Spells: 26/26 levels left

rFire    + + +     SeeInvis .   a - +9 war axe (flame)
rCold    + . .     Gourm    .   A - +0 shield {AC+3}
rNeg     + . .     Faith    .   Z - +8 gold dragon scales
rPois    +         Spirit   .   M - +2 hat
rElec    .         Reflect  +   u - +2 cloak {+Inv}
rCorr    .         Harm     .   P - +3 pair of gloves of Shadows and Fog {rPois Int+4 Stlth+}
MR       ++++.                  d - +2 pair of boots {run}
Stlth    +.........             S - +4 amulet of reflection
HPRegen  1.44/turn              x - +5 ring of slaying
MPRegen  0.25/turn              h - ring of Vooze {rF++ rN+ Int-3 Dex+3 Stlth-}

@: corroded, berserk cooldown, regenerating, slowed, very slow
A: small, blurry vision 1, mutation resistance 1, screaming 1, weak 1
}: 5/15 runes: decaying, serpentine, slimy, silver, abyssal
a: Berserk, Trog's Hand, Brothers in Arms, Renounce Religion, Evoke Invisibility


You were on level 5 of the Realm of Zot.
You worshipped Trog.
Trog was exalted by your worship.
You were not hungry.

You visited 11 branches of the dungeon, and saw 55 of its levels.
You visited the Abyss 4 times.
You also visited: Labyrinth and Ice Cave.

You collected 10948 gold pieces.
You spent 4318 gold pieces at shops.

Inventory:

Hand Weapons
 a - a +9 war axe of flaming (weapon)
 b - a +9 fustibalus of freezing
Missiles
 g - 447 sling bullets
 N - 3 throwing nets (quivered)
Armour
 d - a +2 pair of boots of running (worn)
 u - a +2 cloak of invisibility (worn)
 A - a +0 shield of protection (worn)
 M - a +2 hat (worn)
 P - the +3 pair of gloves of Shadows and Fog (worn) {rPois Int+4 Stlth+}
   (You bought it in a shop on level 2 of the Orcish Mines)

   It affects your intelligence (+4).
   It protects you from poison.
   It makes you more stealthy.
 Z - +8 gold dragon scales (worn)
Jewellery
 h - the ring of Vooze (right hand) {rF++ rN+ Int-3 Dex+3 Stlth-}
   (You found it on level 5 of the Pits of Slime)

   [ring of attention]

   It affects your intelligence (-3).
   It affects your dexterity (+3).
   It greatly protects you from fire.
   It protects you from negative energy.
   It makes you less stealthy.
 x - a +5 ring of slaying (left hand)
 z - an uncursed ring of see invisible
 S - a +4 amulet of reflection (around neck)
 U - the amulet of Dawathruw {Acrobat +Fly rElec Str+5 Slay-3}
   (You took it off a fire giant on level 2 of the Depths)

   [amulet of the acrobat]

   It helps you evade while moving and waiting.
   It affects your strength (+5).
   It affects your accuracy and damage with ranged weapons and melee attacks
   (-3).
   It insulates you from electricity.
   It lets you fly.
Wands
 m - a wand of iceblast (56)
 p - a wand of disintegration (37)
 w - a wand of scattershot (19)
 y - a wand of acid (26)
 G - a wand of clouds (18)
 I - a wand of paralysis (42)
 J - a wand of flame (159)
 O - a wand of digging (68)
 V - a wand of polymorph (13)
 W - a wand of enslavement (35)
Scrolls
 c - 4 scrolls of enchant weapon
 i - 30 scrolls of identify
 k - 5 scrolls of blinking
 o - 22 scrolls of teleportation
 D - 8 scrolls of fog
 E - 5 scrolls of holy word
 H - 28 scrolls of remove curse
 K - 15 scrolls of fear
 R - 5 scrolls of magic mapping
Potions
 j - 9 potions of haste
 l - 6 potions of agility
 r - 16 potions of curing
 s - 9 potions of might
 t - 2 potions of resistance
 v - 2 potions of magic
 C - 2 potions of mutation
 F - 5 potions of cancellation
Miscellaneous
 q - a phantom mirror
 B - a lightning rod (4/4)
 T - a lamp of fire
 X - a sack of spiders
Comestibles
 e - 52 rations
 f - 7 chunks of flesh


   Skills:
 + Level 22.8 Fighting
 - Level 20.0 Axes
 - Level 20.0 Slings
 - Level 20.0 Armour
 - Level 20.0 Dodging
 - Level 20.0 Stealth
 - Level 21.0 Shields
 - Level 20.0 Evocations


You had 26 spell levels left.
You didn't know any spells.
Your spell library was empty.

Dungeon Overview and Level Annotations

Branches:
Dungeon (15/15)            Temple (1/1) D:6            Lair (6/6) D:11
  Swamp (4/4) Lair:2        Snake (4/4) Lair:3        Slime (5/5) Lair:6
    Orc (2/2) D:11            Elf (3/3) Orc:2        Vaults (5/5) D:13
  Crypt (0/3) Vaults:2     Depths (5/5) D:15            Zot (5/5) Depths:5

Altars:
Ashenzari
Cheibriados
Dithmenos
Elyvilon
Fedhas
Gozag
Hepliaklqana
Kikubaaqudgha
Makhleb
Nemelex Xobeh
Okawaru
Qazlal
Ru
Sif Muna
Trog
Uskayaw
Vehumet
Wu Jian
Xom
Yredelemnul
Zin
The Shining One
Beogh
Jiyva

Shops:
D:7 ?!}!%   D:9 *   D:14 [   Orc:2 *[:**   Elf:3 =   Snake:1 (   Snake:2 !((
Depths:3 :([!

Portals:
Hell: Depths:1 Depths:2 Depths:3 Depths:4 Depths:5
Abyss: Depths:4
Pandemonium: Depths:2 Depths:3
Ziggurat: Depths:4
Trove: D:15 (give +5 demon trident)

Annotations:
Vaults:2 exclusion: 2 ice statues


Innate Abilities, Weirdness & Mutations

You are small and have problems with some larger weapons.
You are somewhat resistant to further mutation.
Scrolls take you a little longer to read.
You occasionally shout uncontrollably at your foes.
You are weak. (Str -2)


Message History

You feel much better. You block the ancient lich's attack.
The ancient lich touches you but does no damage.
Unknown command.
Really read with blurry vision while enemies are nearby?
Okay, then.
Evoke which item? (* to show all) (? for menu, Esc to quit)
Aiming: Phantom Mirror
Press: ? - help, Dir - move target cursor, f - ancient lich
Aim: an ancient lich (moderately damaged, fast) Trog forbids your reflecting this monster.
Evoke which item? (* to show all) (? for menu, Esc to quit)
You open the lid... ...and a primal weirdox beast leaps out!
The now-empty box falls apart.
The ancient lich casts a spell at you. The crystal spear hits you!
* * * LOW HITPOINT WARNING * * *
The ancient lich points at you and mumbles some strange words.
The crystal spear hits you!
You die...

.......##))[# ##....##
.....##....## #....##
............## ##....#
.............## #....##
..............## #.....#
##.............#
##....##
#............####.....##
##......H............(..
##....@.......).....#..
##....L.......[...##..
##...............##..
#........#...#..##..
##........#..##..#..
#.........#..##....
.....####..#.##.#..
....## ###.#[##... #
####..#...


You could see an ancient lich and a friendly primal weirdox beast.

Vanquished Creatures
  the Royal Jelly (Slime:5)
  3 orbs of fire
  8 ancient liches
  Vashnia (Snake:3)
  Frederick (Depths:4)
  5 Killer Klowns
  2 curse toes
  15 golden dragons
  Xtahua (Depths:4)
  2 caustic shrikes (Depths:4)
  A profane servitor (Abyss:5)
  Nikola (Swamp:4)
  2 bone dragons (Abyss:3)
  A hellephant (Abyss:3)
  7 liches
  2 electric golems
  Jorgrun (Swamp:1)
  18 tentacled monstrosities
  10 Orb Guardians (Zot:5)
  5 quicksilver dragons
  The ghost of SpaceButler the Warrior, an adept DsGl of Ashenzari (Vaults:2)
  6 titans
  5 deep elf blademasters
  15 acid blobs
  A deep elf master archer (Elf:3)
  An eldritch tentacle (Vaults:2)
  9 sphinxes
  7 tentacled starspawn
  Gastronok (D:9)
  Agnes (Snake:1)
  4 death cobs
  5 thorn hunters
  14 storm dragons
  Roxanne (Swamp:4)
  6 draconian monks
  12 azure jellies
  13 nagarajas
  11 shadow dragons
  6 tengu reavers
  11 deep elf sorcerers
  4 ghost moths
  17 frost giants
  13 fire giants
  5 draconian scorchers
  6 iron dragons
  A cacodemon (Abyss:3)
  5 draconian knights
  2 balrugs
  5 deep elf elementalists
  A caustic shrike zombie (Depths:3)
  11 vault wardens
  7 draconian shifters
  23 very ugly things
  15 ironheart preservers
  2 war gargoyles (Vaults:5)
  6 draconian stormcallers
  3 draconian annihilators
  21 stone giants
  3 spriggan defenders
  2 vampire knights
  11 green draconians
  6 yellow draconians
  15 starcursed masses
  A minotaur (Lab)
  14 white draconians
  7 deep elf annihilators
  6 deep elf demonologists
  13 purple draconians
  11 black draconians
  11 spark wasps
  16 red draconians
  Snorg (Lair:6)
  The ghost of kaisn the Fighter, a journeyman FoFi of Cheibriados (Lair:1)
  14 ettins
  3 death oozes
  A quicksilver dragon zombie (Depths:3)
  10 deep elf death magi
  9 fire dragons
  Josephine (D:11)
  4 deep elf high priests
  12 ogre magi
  10 great orbs of eyes
  8 ice dragons
  33 vault guards
  19 naga warriors
  20 yaktaur captains
  3 spriggan air magi
  2 shambling mangroves
  4 rakshasas
  2 ghost crabs
  21 hydras
  28 two-headed ogres
  4 death knights
  5 centaur warriors
  13 alligators
  A satyr (Abyss:3)
  12 deep troll shamans
  23 dancing weapons
  7 anacondas
  2 death yaks (IceCv)
  9 deep troll earth magi
  6 tengu warriors
  3 thrashing horrors (Abyss:3)
  A death yak (shapeshifter) (Vaults:5)
  2 vampire magi
  3 orc high priests (Orc:2)
  Urug (Lair:3)
  7 spriggan berserkers
  19 naga sharpshooters
  A shock serpent (Snake:1)
  4 sun demons
  3 sixfirhies (Abyss:3)
  5 salamander mystics
  A titan skeleton (Depths:3)
  A fire crab (shapeshifter) (Vaults:1)
  19 deep elf knights
  4 iron trolls (Depths:4)
  10 wretched stars
  A hell knight (Depths:2)
  A spatial maelstrom (Abyss:3)
  A skeletal warrior (Vaults:3)
  5 flayed ghosts
  An unseen horror (shapeshifter) (Elf:3)
  20 deep trolls
  4 shadow wraiths
  8 wizards
  13 swamp dragons
  6 glowing orange brains
  A spriggan druid (Swamp:4)
  12 naga ritualists
  4 necromancers
  A harpy (shapeshifter) (Depths:3)
  A swamp dragon (shapeshifter) (Elf:2)
  21 deep elf archers
  2 lindwurms
  21 orc knights
  Pikel (D:7)
  13 harpies
  20 ironbrand convokers
  A human zombie (Vaults:1)
  7 mana vipers
  61 deep elf magi
  3 phantasmal warriors
  3 shining eyes (Slime:5)
  A wolf spider (shapeshifter) (Depths:1)
  4 wolf spiders
  A faun (shapeshifter) (Vaults:5)
  6 orc sorcerers
  42 ugly things
  9 cyclopes
  31 moths of wrath
  5 worldbinders
  16 salamanders
  41 black mambas
  A frost giant skeleton (D:15)
  9 guardian serpents
  12 vault sentinels
  5 centaur zombies
  A torpor snail (Lair:3)
  A black mamba (shapeshifter) (Vaults:4)
  A guardian serpent (shapeshifter) (Vaults:4)
  A rust devil (Abyss:2)
  Maurice (D:12)
  An ice statue (IceCv)
  15 naga magi
  An apocalypse crab (Abyss:3)
  2 gargoyles
  3 eyes of devastation
  3 molten gargoyles (Lair:6)
  18 large abominations
  5 smoke demons
  3 orange demons (Abyss:3)
  An elf skeleton (Depths:3)
  A demonic crawler (Abyss:3)
  21 spiny frogs
  9 freezing wraiths
  A hellion (Depths:3)
  2 rime drakes
  A spriggan skeleton (Depths:3)
  A komodo dragon (shapeshifter) (Vaults:5)
  53 yaktaurs
  5 komodo dragons
  2 hellwings (Depths:3)
  A queen bee (shapeshifter) (Vaults:4)
  An anaconda simulacrum (Vaults:2)
  A guardian mummy (D:15)
  4 meliai
  9 ancient zymes
  4 tengu conjurers
  6 trolls
  A polar bear (shapeshifter) (Abyss:5)
  13 polar bears
  2 red devils
  10 tyrant leeches
  2 tyrant leeches (shapeshifter) (Vaults:5)
  A queen bee (Lair:2)
  A meliai (shapeshifter) (Depths:4)
  2 jumping spiders (Vaults:2)
  18 hornets
  A hydra skeleton (Abyss:3)
  5 raiju (Abyss:3)
  18 blink frogs
  13 bog bodies
  72 slime creatures
  A snapping turtle (shapeshifter) (Vaults:4)
  6 hippogriffs
  4 dream sheep (Lair:5)
  A human simulacrum (Vaults:1)
  A deep troll zombie (D:15)
  A meliai zombie (D:12)
  4 flying skulls (Abyss:3)
  7 shadows
  A spriggan (shapeshifter) (Depths:2)
  3 ynoxinuls
  A redback (shapeshifter) (Depths:1)
  2 air elementals
  8 water elementals
  3 vampires
  8 spriggans
  4 wyverns
  A fire elemental (Depths:3)
  7 wraiths
  26 yaks
  5 hungry ghosts
  A hog (Vaults:2)
  12 golden eyes
  2 humans (shapeshifter)
  7 basilisks
  3 chaos spawn
  2 steam dragons
  5 vampire mosquitoes
  6 neqoxecs
  6 wargs
  73 nagas
  3 soldier ants (D:10)
  17 swamp worms
  6 acid dragons
  4 insubstantial wisps (Vaults:2)
  A soldier ant (shapeshifter) (Vaults:1)
  A hydra simulacrum (Vaults:2)
  3 spatial vortices
  8 water moccasins
  4 porcupines
  3 floating eyes
  A water moccasin (shapeshifter) (Vaults:1)
  5 sky beasts
  2 phantoms
  A swamp drake (shapeshifter) (Vaults:5)
  4 hell hounds (Lair:6)
  A meliai simulacrum (D:14)
  A slave (D:7)
  A black bear (Lair:5)
  A black mamba simulacrum (Vaults:2)
  5 ice beasts
  11 swamp drakes
  9 boggarts
  An elf zombie (Vaults:1)
  An ettin simulacrum (Abyss:3)
  2 necrophages
  32 orc warriors
  A fire dragon simulacrum (Vaults:2)
  6 eyes of draining
  13 wolves (IceCv)
  19 ogres
  An ogre (shapeshifter) (Vaults:3)
  9 crocodiles
  10 centaurs
  An orc skeleton (Vaults:1)
  4 big kobolds
  20 bullfrogs
  10 small abominations
  7 earth elementals
  2 scorpions
  A water moccasin skeleton (D:10)
  An elephant simulacrum (Vaults:2)
  40 killer bees
  13 wights
  A howler monkey (D:9)
  A vampire bat (Vaults:2)
  9 crimson imps
  4 bullfrog zombies
  5 lava snakes (Lair:6)
  5 hounds
  5 quasits
  3 bullfrog skeletons
  6 jellies
  19 orc priests
  27 orc wizards
  2 iguanas
  An iron imp (Abyss:3)
  Jessica (D:2)
  Ijyb (D:4)
  6 centaur skeletons
  3 troll simulacra (Vaults:2)
  12 worker ants
  2 hound zombies
  A hound skeleton (D:11)
  A howler monkey zombie (D:6)
  2 worker ant zombies
  Robin (D:2)
  3 gnolls (D:6)
  17 adders
  A shadow imp (D:9)
  A white imp (Abyss:3)
  3 ufetubi
  An ooze (D:7)
  2 adder skeletons (D:9)
  An adder zombie (D:7)
  2 worms
  A dart slug (D:1)
  3 leopard geckos
  72 orcs
  10 bats
  4 giant cockroaches
  9 hobgoblins
  6 jackals
  6 quokkas
  3 ball pythons
  2 frilled lizards
  10 goblins
  24 kobolds
  2 leopard gecko skeletons
  A quokka zombie (D:9)
  10 rats
  3 briar patches
  2 crawling corpses (Vaults:5)
  2 fungi
  A lurking horror (Abyss:3)
  3 plants
  4 starspawn tentacles
  3 withered plants (D:15)
2432 creatures vanquished.

Vanquished Creatures (collateral kills)
  A Killer Klown (Zot:5)
  A golden dragon (Vaults:5)
  An electric golem (Zot:5)
  Rupert (Lair:3)
  A titan (Vaults:5)
  A tengu reaver (Vaults:5)
  Donald (Elf:2)
  A storm dragon (Vaults:5)
  A fire giant (Vaults:5)
  An azure jelly (Lair:6)
  2 stone giants
  A purple draconian (Zot:5)
  An ettin (Vaults:5)
  An anaconda (Snake:1)
  A two-headed ogre (Vaults:2)
  A vampire mage (Depths:2)
  2 naga sharpshooters (Snake:4)
  A deep elf knight (Vaults:5)
  A skeletal warrior (D:15)
  A deep troll (Vaults:5)
  A deep elf archer (Vaults:5)
  A spark wasp zombie (D:15)
  2 deep elf magi
  A frost giant zombie (D:15)
  A naga mage (Snake:4)
  A vault sentinel (Vaults:5)
  A rime drake (IceCv)
  A komodo dragon (shapeshifter) (Depths:2)
  2 polar bears (IceCv)
  A raiju (shapeshifter) (Vaults:5)
  A slime creature (Lair:1)
  2 yaks (IceCv)
  A naga (Snake:4)
  A wolf (IceCv)
  3 jellies (Lair:1)
42 creatures vanquished.

Vanquished Creatures (others)
  2 deep elf master archers (Elf:3)
  A fire giant (Depths:4)
  3 stone giants
  4 yaktaur captains
  3 centaur warriors
  A dancing weapon (Elf:2)
  2 naga sharpshooters (Snake:4)
  A deep elf knight (Elf:2)
  An ironbrand convoker (Vaults:1)
  2 deep elf archers
  A deep elf mage (Elf:3)
  A cyclops (D:15)
  A moth of wrath (Zot:1)
  12 yaktaurs
  A jumping spider (Vaults:2)
  2 polar bears (IceCv)
  A slime creature (Swamp:4)
  A yak (IceCv)
  An ice beast (Vaults:2)
  2 centaurs
  A fungus (Lair:2)
  A plant (Lair:2)
  10 starspawn tentacles
55 creatures vanquished.

Grand Total: 2529 creatures vanquished

Notes
Turn   | Place    | Note
-------+----------+-------------------------------------------
     0 | D:1      | Rrauwl the Halfling Fighter began the quest for the Orb.
     0 | D:1      | Reached XP level 1. HP: 15/15 MP: 1/1
   204 | D:1      | Reached XP level 2. HP: 20/20 MP: 2/2
   451 | D:1      | Reached XP level 3. HP: 19/25 MP: 3/3
   467 | D:1      | Reached skill level 3 in Fighting
   631 | D:2      | Found a faded altar of an unknown god.
  1030 | D:2      | Reached skill level 1 in Slings
  1128 | D:2      | Reached XP level 4. HP: 31/31 MP: 4/4
  1402 | D:2      | Noticed Robin
  1412 | D:2      | Killed Robin
  1676 | D:2      | Noticed Jessica
  1680 | D:2      | Killed Jessica
  1680 | D:2      | Reached XP level 5. HP: 36/36 MP: 5/5
  1709 | D:2      | Found a bloodstained altar of Trog.
  1713 | D:2      | Became a worshipper of Trog the Wrathful
  2114 | D:3      | Found a white marble altar of Elyvilon.
  2115 | D:3      | Found a glowing golden altar of the Shining One.
  2116 | D:3      | Found a glowing silver altar of Zin.
  2779 | D:4      | Noticed Ijyb
  2788 | D:4      | Reached XP level 6. HP: 42/42 MP: 6/6
  2798 | D:4      | Killed Ijyb
  2814 | D:4      | Found a shattered altar of Ashenzari.
  2946 | D:4      | Found a shadowy altar of Dithmenos.
  2973 | D:4      | Reached skill level 5 in Shields
  3242 | D:4      | Found a hide-covered altar of Uskayaw.
  3248 | D:4      | Found an ornate altar of the Wu Jian Council.
  3248 | D:4      | Found a burning altar of Makhleb.
  3249 | D:4      | Found a deep blue altar of Sif Muna.
  3253 | D:4      | Found a radiant altar of Vehumet.
  3707 | D:5      | Entered Level 5 of the Dungeon
  3790 | D:5      | Got a faintly humming leather armour
  3801 | D:5      | Identified the +3 leather armour "Satekhlo" {-Tele rC++
                  | Int+4} (You found it on level 5 of the Dungeon)
  3942 | D:5      | Reached * piety under Trog
  3942 | D:5      | Reached XP level 7. HP: 39/46 MP: 7/7
  4664 | D:6      | Reached skill level 5 in Slings
  5207 | D:6      | Reached XP level 8. HP: 46/52 MP: 8/8
  5214 | D:6      | Reached skill level 5 in Axes
  5280 | D:6      | Identified a scroll of acquirement
  5287 | D:6      | Identified a +1 pair of boots of running (You acquired it
                  | on level 6 of the Dungeon)
  5406 | D:6      | Found a staircase to the Ecumenical Temple.
  5719 | Temple   | Entered the Ecumenical Temple
  6426 | D:7      | Found Nokan's Food Shoppe.
  6441 | D:7      | Reached XP level 9. HP: 16/56 MP: 9/9
  6716 | D:7      | Got a pair of translucent gloves
  6727 | D:7      | Identified the +1 pair of gloves of Fashionability {Stlth+}
                  | (You found it on level 7 of the Dungeon)
  6740 | D:7      | Found Zauv's Distillery.
  6748 | D:7      | Bought a potion of heal wounds for 60 gold pieces
  6748 | D:7      | Bought a potion of might for 48 gold pieces
  6748 | D:7      | Bought a potion of heal wounds for 60 gold pieces
  6748 | D:7      | Bought a potion of might for 48 gold pieces
  6748 | D:7      | Bought a potion of agility for 48 gold pieces
  6748 | D:7      | Bought a potion of invisibility for 96 gold pieces
  6748 | D:7      | Bought a potion of might for 48 gold pieces
  6817 | D:7      | Found Elesy's Magic Scroll Boutique.
  6872 | D:7      | Bought a scroll of noise for 13 gold pieces
  6911 | D:7      | Reached ** piety under Trog
  6930 | D:7      | Found an iron altar of Okawaru.
  7083 | D:7      | Found Neced's Distillery.
  7091 | D:7      | Bought a potion of lignification for 42 gold pieces
  7214 | D:7      | Noticed a hippogriff
  7222 | D:7      | Killed a hippogriff
  7495 | D:7      | Found Xiqughar's Gadget Boutique.
  7613 | D:7      | Noticed Pikel
  7624 | D:7      | Killed Pikel
  7624 | D:7      | Reached skill level 10 in Slings
  7624 | D:7      | Reached XP level 10. HP: 63/63 MP: 10/10
  8015 | D:8      | Found a sacrificial altar of Ru.
  8026 | D:8      | Reached *** piety under Trog
  8523 | D:9      | Noticed a two-headed ogre
  8533 | D:9      | Killed a two-headed ogre
  8533 | D:9      | Reached skill level 10 in Shields
  8632 | D:9      | Found Bemu's General Store.
  8662 | D:9      | Received a gift from Trog
  8729 | D:9      | Noticed Gastronok
  8756 | D:9      | Killed Gastronok
  8756 | D:9      | Reached skill level 10 in Axes
  8756 | D:9      | Reached XP level 11. HP: 22/67 MP: 11/11
  9071 | D:9      | Got a pair of dazzling boots
  9072 | D:9      | Identified the cursed +0 pair of boots of the Snake Pit
                  | {Str+3} (You found it on level 9 of the Dungeon)
  9182 | D:9      | Reached **** piety under Trog
  9220 | D:9      | Noticed a two-headed ogre
  9232 | D:9      | Killed a two-headed ogre
  9504 | D:9      | Noticed a tengu warrior
  9522 | D:9      | Killed a tengu warrior
  9682 | D:10     | Entered Level 10 of the Dungeon
  9684 | D:10     | Noticed a cyclops
  9696 | D:10     | Killed a cyclops
  9836 | D:10     | Noticed a two-headed ogre
  9854 | D:10     | Killed a two-headed ogre
  9922 | D:10     | Received a gift from Trog
  9939 | D:10     | Reached XP level 12. HP: 72/72 MP: 12/12
 10310 | D:10     | Received a gift from Trog
 10575 | D:11     | Found a staircase to the Orcish Mines.
 11239 | D:11     | Noticed Josephine
 11260 | D:11     | Killed Josephine
 11260 | D:11     | Reached ***** piety under Trog
 11612 | D:11     | Found a staircase to the Lair.
 11830 | Lair:1   | Entered Level 1 of the Lair of Beasts
 11840 | Lair:1   | Upgraded the game from 0.23-a0-332-g9fe5f1002e to
                  | 0.23-a0-336-g43d87f4c55
 12003 | Lair:1   | Received a gift from Trog
 12258 | Lair:1   | Noticed an eight-headed hydra
 12272 | Lair:1   | Killed an eight-headed hydra
 12433 | Lair:1   | Found a runed gate.
 12434 | Lair:1   | Found a runed gate.
 12441 | Lair:1   | Reached XP level 13. HP: 77/77 MP: 13/13
 12451 | Lair:1   | Found a runed gate.
 12457 | Lair:1   | Noticed kaisn's ghost (journeyman FoFi)
 12628 | Lair:1   | Noticed a death ooze
 12629 | Lair:1   | Found a viscous altar of Jiyva.
 14238 | Lair:2   | Found a staircase to the Swamp.
 14675 | Lair:3   | Noticed Urug
 14701 | Lair:3   | Killed Urug
 14701 | Lair:3   | Received a gift from Trog
 14809 | Lair:3   | Found a staircase to the Snake Pit.
 14870 | Lair:3   | Reached skill level 15 in Shields
 15231 | Lair:3   | Noticed Rupert
 15243 | Lair:3   | Killed Rupert
 15641 | Lair:3   | Found a runed door.
 15954 | Lair:3   | Noticed a seven-headed hydra
 15965 | Lair:3   | Killed a seven-headed hydra
 16172 | Lair:4   | Noticed a four-headed hydra
 16192 | Lair:4   | Killed a four-headed hydra
 16202 | Lair:4   | Found a frozen archway.
 16210 | IceCv    | Entered an ice cave
 16270 | IceCv    | Received a gift from Trog
 16841 | IceCv    | Received a gift from Trog
 16917 | IceCv    | Reached XP level 14. HP: 83/83 MP: 14/14
 17104 | IceCv    | Received a gift from Trog
 17159 | IceCv    | Noticed a frost giant
 17192 | IceCv    | Killed a frost giant
 17199 | IceCv    | Reached skill level 15 in Axes
 17271 | IceCv    | Got a bloodstained ring mail
 17282 | IceCv    | Identified the +6 ring mail of Piofroif {SInv} (You found
                  | it in an ice cave)
 17505 | Lair:4   | Received a gift from Trog
 18692 | Lair:5   | Found a labyrinth entrance.
 18708 | Lab      | Entered a labyrinth
 19073 | Lab      | Identified the +11 dagger "Hellblazer" {flame, rElec}
 19073 | Lab      | Noticed a minotaur
 19083 | Lab      | Killed a minotaur
 19133 | Lab      | Identified the Tome of Lucky Transmigration
 19698 | Lair:6   | Entered Level 6 of the Lair of Beasts
 19717 | Lair:6   | Noticed Snorg
 19758 | Lair:6   | Killed Snorg
 19780 | Lair:6   | Received a gift from Trog
 20554 | Lair:6   | Found a large runed door.
 20555 | Lair:6   | Found a large runed door.
 20771 | Lair:6   | Reached XP level 15. HP: 61/88 MP: 15/15
 20854 | Lair:6   | Received a gift from Trog
 20935 | Lair:6   | Found a runed door.
 20936 | Lair:6   | Found a viscous altar of Jiyva.
 20936 | Lair:6   | Found a staircase to the Slime Pits.
 20936 | Lair:6   | Noticed an azure jelly
 20937 | Lair:6   | Noticed an azure jelly
 22297 | D:12     | Noticed Maurice
 22317 | D:12     | Killed Maurice
 22825 | D:13     | Reached skill level 1 in Stealth
 22827 | D:13     | Reached skill level 1 in Dodging
 22829 | D:13     | Reached skill level 1 in Evocations
 23126 | D:13     | Found a gate to the Vaults.
 23140 | D:13     | Received a gift from Trog
 23446 | D:13     | Received a gift from Trog
 23862 | D:14     | Reached skill level 4 in Fighting
 23875 | D:14     | Reached skill level 5 in Armour
 24214 | D:14     | Found Weopysm's Antique Armour Boutique.
 24433 | D:14     | You fall through a shaft!
 24433 | D:15     | Entered Level 15 of the Dungeon
 24433 | D:15     | Found a staircase to the Depths.
 25207 | D:15     | Found a portal to a secret trove of treasure.
 25672 | D:15     | Received a gift from Trog
 25978 | Orc:1    | Entered Level 1 of the Orcish Mines
 26339 | Orc:2    | Entered Level 2 of the Orcish Mines
 26353 | Orc:2    | Reached XP level 16. HP: 97/97 MP: 18/18
 26447 | Orc:2    | Found a staircase to the Elven Halls.
 26675 | Orc:2    | Found Bununem's Assorted Antiques.
 26701 | Orc:2    | Paralysed by an orc sorcerer for 7 turns
 26714 | Orc:2    | Paralysed by an orc sorcerer for 2 turns
 26722 | Orc:2    | Received a gift from Trog
 26953 | Orc:2    | Found Qotrak's Book Shoppe.
 26960 | Orc:2    | Bought a pair of ancient gloves for 266 gold pieces
 26960 | Orc:2    | Bought a scroll labeled DEPRISHUNIO for 28 gold pieces
 26970 | Orc:2    | Identified the +3 pair of gloves of Shadows and Fog {rPois
                  | Int+4 Stlth+} (You bought it in a shop on level 2 of the
                  | Orcish Mines)
 26973 | Orc:2    | Found Eczottaw's Armour Shoppe.
 26975 | Orc:2    | Found Cocruyplo's General Store.
 27086 | Orc:2    | Found a roughly hewn altar of Beogh.
 27129 | Orc:2    | Found Atiff's General Store.
 27286 | Orc:2    | Bought a manual of Fighting for 1766 gold pieces
 27454 | Swamp:1  | Entered Level 1 of the Swamp
 27525 | Lair:1   | Reached skill level 5 in Fighting
 27528 | Lair:1   | Killed kaisn's ghost
 27689 | Lair:6   | Killed an azure jelly
 27695 | Lair:6   | Killed an azure jelly
 27935 | Swamp:1  | Noticed a thorn hunter
 27950 | Swamp:1  | Killed a thorn hunter
 27950 | Swamp:1  | Reached skill level 5 in Stealth
 28180 | Swamp:1  | Noticed a thorn hunter
 28220 | Swamp:1  | Killed a thorn hunter
 28446 | Swamp:1  | Noticed Jorgrun
 28562 | Swamp:1  | Killed Jorgrun
 28562 | Swamp:1  | Reached skill level 6 in Fighting
 28562 | Swamp:1  | Reached skill level 5 in Dodging
 29652 | Swamp:2  | You fall through a shaft!
 29714 | Swamp:3  | Reached skill level 5 in Evocations
 29808 | Swamp:3  | Noticed a tentacled monstrosity
 29826 | Swamp:3  | Killed a tentacled monstrosity
 29826 | Swamp:3  | Reached XP level 17. HP: 107/107 MP: 20/20
 29856 | Swamp:3  | Reached skill level 7 in Fighting
 30028 | Swamp:3  | Received a gift from Trog
 31092 | Swamp:3  | Noticed a thorn hunter
 31109 | Swamp:3  | Killed a thorn hunter
 31219 | Swamp:4  | Entered Level 4 of the Swamp
 31243 | Swamp:4  | Noticed a thorn hunter
 31257 | Swamp:4  | Killed a thorn hunter
 31466 | Swamp:4  | Identified Roxanne's Papyrus of Moulding
 31466 | Swamp:4  | Noticed Roxanne
 31481 | Swamp:4  | Received a gift from Trog
 31503 | Swamp:4  | Killed Roxanne
 31645 | Swamp:4  | Reached skill level 8 in Fighting
 32209 | Swamp:4  | Received a gift from Trog
 32276 | Swamp:4  | Reached skill level 9 in Fighting
 32587 | Swamp:4  | Noticed Nikola
 32641 | Swamp:4  | Killed Nikola
 32641 | Swamp:4  | Reached XP level 18. HP: 100/118 MP: 23/23
 32727 | Swamp:4  | Received a gift from Trog
 32973 | Swamp:4  | Got a decaying rune of Zot
 33393 | Snake:1  | Entered Level 1 of the Snake Pit
 33651 | Snake:1  | Found Haahoc's Antique Weapon Shop.
 33887 | Snake:1  | Noticed Agnes
 33898 | Snake:1  | Killed Agnes
 33898 | Snake:1  | Reached skill level 10 in Fighting
 34580 | Snake:2  | Received a gift from Trog
 35152 | Snake:2  | Found Xoocikh's Weapon Emporium.
 35152 | Snake:2  | Found Zuiddur's Distillery.
 35166 | Snake:2  | Bought a potion of haste for 190 gold pieces
 35166 | Snake:2  | Bought 2 potions of haste for 380 gold pieces
 35166 | Snake:2  | Bought a potion of haste for 190 gold pieces
 35203 | Snake:2  | Found Odankywo's Weapon Emporium.
 35552 | Snake:3  | Noticed Vashnia
 35554 | Snake:3  | Reached skill level 10 in Armour
 35570 | Snake:3  | Killed Vashnia
 35587 | Snake:3  | Reached skill level 11 in Fighting
 35955 | Snake:3  | Received a gift from Trog
 36008 | Snake:3  | Received a gift from Trog
 36198 | Snake:3  | Reached XP level 19. HP: 129/129 MP: 25/25
 36432 | Snake:4  | Entered Level 4 of the Snake Pit
 36701 | Snake:4  | Reached skill level 10 in Dodging
 36861 | Snake:4  | Reached skill level 12 in Fighting
 37346 | Snake:4  | Received a gift from Trog
 37535 | Snake:4  | Reached skill level 10 in Evocations
 37726 | Snake:4  | Reached skill level 13 in Fighting
 38074 | Snake:4  | Received a gift from Trog
 38421 | Snake:4  | Reached XP level 20. HP: 142/142 MP: 27/27
 38431 | Snake:4  | Reached skill level 14 in Fighting
 38521 | Snake:4  | Got a serpentine rune of Zot
 38900 | Depths:1 | Entered Level 1 of the Depths
 38900 | Depths:1 | Found a gateway to Hell.
 39655 | Depths:1 | Found a runed door.
 39770 | Depths:1 | Noticed a golden dragon
 39776 | Depths:1 | Received a gift from Trog
 39784 | Depths:1 | Killed a golden dragon
 40070 | Depths:2 | Reached skill level 10 in Stealth
 40071 | Depths:2 | Received a gift from Trog
 40410 | Depths:2 | Paralysed by a sphinx for 3 turns
 40441 | Depths:2 | Found a one-way gate leading to the halls of Pandemonium.
 40443 | Depths:2 | Found a hide-covered altar of Uskayaw.
 40444 | Depths:2 | Found a sparkling altar of Nemelex Xobeh.
 40444 | Depths:2 | Found a stormy altar of Qazlal.
 40927 | Depths:2 | Received a gift from Trog
 40958 | Depths:2 | Noticed a lich
 41417 | Depths:2 | Reached ****** piety under Trog
 41430 | Depths:2 | Paralysed by a sphinx for 4 turns
 41684 | Depths:2 | Reached XP level 21. HP: 108/148 MP: 28/28
 41711 | Depths:2 | Noticed a lich
 41725 | Depths:2 | Killed a lich
 41725 | Depths:2 | Received a gift from Trog
 41842 | Depths:2 | Received a gift from Trog
 42197 | Depths:2 | Reached skill level 15 in Stealth
 42289 | Depths:2 | Reached skill level 15 in Armour
 42532 | Depths:2 | Killed a lich
 43235 | Depths:2 | Identified the amulet of Dawathruw {Acrobat +Fly rElec
                  | Str+5 Slay-3}
 43381 | Depths:2 | Received a gift from Trog
 43668 | Depths:2 | Identified the cursed +0 pair of boots of Insatiable Hunger
                  | {+Inv rC+ MP+9 Str+4} (You found it on level 2 of the
                  | Depths)
 44100 | Vaults:1 | Entered Level 1 of the Vaults
 44952 | Vaults:1 | Reached XP level 22. HP: 154/154 MP: 29/29
 44992 | Vaults:1 | Received a gift from Trog
 45353 | Vaults:1 | Received a gift from Trog
 45969 | Vaults:2 | Received a gift from Trog
 46469 | Vaults:2 | Found a staircase to the Crypt.
 47374 | Vaults:2 | Reached skill level 15 in Slings
 47639 | Vaults:2 | Received a gift from Trog
 47928 | Vaults:2 | Received a gift from Trog
 47955 | Vaults:2 | Identified the Catalogue of Changing
 48202 | Vaults:2 | Identified the Grimoire of Displacement
 48392 | Vaults:2 | Found a runed door.
 48392 | Vaults:2 | Noticed SpaceButler's ghost (adept DsGl)
 48425 | Vaults:2 | Killed SpaceButler's ghost
 48425 | Vaults:2 | Reached XP level 23. HP: 161/161 MP: 31/31
 49458 | Vaults:3 | Received a gift from Trog
 50682 | Vaults:4 | Received a gift from Trog
 50833 | Vaults:4 | Reached skill level 15 in Fighting
 51228 | Vaults:4 | Received a gift from Trog
 51506 | Vaults:4 | Reached XP level 24. HP: 136/169 MP: 32/32
 51649 | Vaults:4 | Received a gift from Trog
 52520 | Depths:3 | Cast into level 2 of the Abyss (a wizard)
 52521 | Abyss:2  | Received a gift from Trog
 52778 | Abyss:3  | Found a corrupted altar of Lugonu.
 52839 | Abyss:3  | Received a gift from Trog
 52883 | Depths:3 | Escaped the Abyss
 52950 | Depths:3 | Received a gift from Trog
 53077 | Depths:3 | Found Rathruc's Distillery.
 53085 | Depths:3 | Bought a potion of mutation for 168 gold pieces
 53085 | Depths:3 | Bought 2 potions of agility for 168 gold pieces
 53085 | Depths:3 | Bought a potion of might for 84 gold pieces
 53085 | Depths:3 | Bought 2 potions of mutation for 336 gold pieces
 53238 | Depths:3 | Received a gift from Trog
 53494 | Depths:3 | Found Azoe's Antique Weapon Shoppe.
 53565 | Depths:3 | Found Vaqax's Book Shop.
 53639 | Depths:3 | Noticed a golden dragon
 53660 | Depths:3 | Killed a golden dragon
 54290 | Depths:3 | Found Nuul's Antique Armour Shoppe.
 54541 | Depths:4 | Noticed Xtahua
 54546 | Depths:4 | Noticed a golden dragon
 54556 | Depths:4 | Received a gift from Trog
 54566 | Depths:4 | Killed a golden dragon
 54568 | Depths:4 | Killed Xtahua
 54570 | Depths:4 | Noticed Frederick
 54774 | Depths:4 | Killed Frederick
 55456 | Depths:4 | Noticed a caustic shrike
 55456 | Depths:4 | Noticed a caustic shrike
 55464 | Depths:4 | Killed a caustic shrike
 55464 | Depths:4 | Reached XP level 25. HP: 174/174 MP: 32/32
 55470 | Depths:4 | Killed a caustic shrike
 55470 | Depths:4 | Reached skill level 15 in Dodging
 55505 | Depths:4 | Cast into level 3 of the Abyss (a deep elf sorcerer)
 55509 | Abyss:3  | Found a shattered altar of Ashenzari.
 55766 | Depths:4 | Escaped the Abyss
 55799 | Depths:4 | HP: 8/261 [deep troll (11)]
 55973 | Depths:4 | Identified the cursed +1 trident of Welfare {venom, rC++
                  | Int-4}
 55973 | Depths:4 | Identified the +2 robe "Belax" {rElec}
 56325 | Depths:4 | Received a gift from Trog
 56628 | Depths:4 | Identified the Incunabulum of Damaging Contamination
 56633 | Depths:4 | Identified the +4 war axe of Ruination {chop, rF+ MR-
                  | Dex+2} (You found it on level 4 of the Depths)
 56801 | Depths:4 | Found a gateway to a ziggurat.
 56897 | Depths:4 | Found a one-way gate to the infinite horrors of the Abyss.
 57788 | Slime:1  | Entered Level 1 of the Pits of Slime
 58414 | Slime:5  | Entered Level 5 of the Pits of Slime
 58497 | Slime:5  | Gained mutation: Your body sometimes deteriorates upon
                  | taking damage. [a shining eye]
 58522 | Slime:5  | Received a gift from Trog
 58748 | Slime:5  | Received a gift from Trog
 58836 | Slime:5  | Received a gift from Trog
 58978 | Slime:5  | Reached XP level 26. HP: 164/180 MP: 33/33
 59017 | Slime:5  | Noticed the Royal Jelly
 59045 | Slime:5  | Killed the Royal Jelly
 59769 | Slime:5  | Gained mutation: You are weak. (Str -2) [a shining eye]
 60316 | Slime:5  | Got an ancient marble ring
 60318 | Slime:5  | Identified the ring of Vooze {rF++ rN+ Int-3 Dex+3 Stlth-}
                  | (You found it on level 5 of the Pits of Slime)
 60340 | Slime:5  | Got a slimy rune of Zot
 60608 | Lair:1   | Lost mutation: Your body sometimes deteriorates upon taking
                  | damage. [potion of mutation]
 60608 | Lair:1   | Lost mutation: You are weak. (Str -2) [potion of mutation]
 60608 | Lair:1   | Gained mutation: You have sharp toenails. [potion of
                  | mutation]
 60608 | Lair:1   | Gained mutation: You can translocate small distances at
                  | will. [potion of mutation]
 61473 | Vaults:5 | Entered Level 5 of the Vaults
 61895 | Vaults:5 | Received a gift from Trog
 61910 | Vaults:5 | Identified the +1 flail of Equilibrium {holy, +Fly rC+
                  | Str+2 Dex+4}
 61956 | Vaults:5 | Reached skill level 15 in Evocations
 62332 | Vaults:5 | Received a gift from Trog
 62366 | Vaults:5 | Noticed an ancient lich
 62391 | Vaults:5 | Killed an ancient lich
 62498 | Vaults:5 | Got a silver rune of Zot
 62793 | Vaults:5 | Reached XP level 27. HP: 152/186 MP: 34/34
 62921 | Vaults:5 | Found the +7 sceptre of Torment {pain, torment}
 63396 | Vaults:5 | Noticed an ancient lich
 63407 | Vaults:5 | Killed an ancient lich
 63452 | Vaults:5 | Got a spiked crystal plate armour
 63453 | Vaults:5 | Identified the +2 crystal plate armour "Ogia" {Int+5} (You
                  | acquired it on level 5 of the Vaults)
 63558 | Vaults:5 | Received a gift from Trog
 63927 | Vaults:5 | Noticed an ancient lich
 63953 | Vaults:5 | Killed an ancient lich
 63961 | Vaults:5 | Noticed an ancient lich
 63976 | Vaults:5 | Killed an ancient lich
 64024 | Vaults:5 | Received a gift from Trog
 65109 | Depths:5 | Entered Level 5 of the Depths
 65206 | Depths:5 | Got a twitching iron amulet
 65247 | Depths:5 | Paralysed by a floating eye for 2 turns
 65265 | Depths:5 | Paralysed by a floating eye for 4 turns
 65791 | Depths:5 | Received a gift from Trog
 66071 | Depths:5 | Found a gate to the Realm of Zot.
 66593 | Elf:1    | Entered Level 1 of the Elven Halls
 67031 | Elf:1    | Received a gift from Trog
 67346 | Elf:1    | Identified the Volume of Blows and Bruises and Creation
 67628 | Elf:2    | Found a huge runed gate.
 67636 | Elf:2    | Found a huge runed gate.
 67637 | Elf:2    | Found a huge runed gate.
 67639 | Elf:2    | Found a huge runed gate.
 67639 | Elf:2    | Found a huge runed gate.
 68234 | Elf:2    | Received a gift from Trog
 68309 | Elf:2    | Noticed Donald
 68324 | Elf:2    | Killed Donald
 68433 | Elf:3    | Entered Level 3 of the Elven Halls
 68526 | Elf:3    | Identified the amulet of Begam {+Rage rF++ rN+ Int-2} (You
                  | found it on level 5 of the Depths)
 68759 | Elf:3    | Cast into level 3 of the Abyss (a deep elf sorcerer)
 69091 | Abyss:3  | Received a gift from Trog
 69160 | Abyss:3  | Gained mutation: Your magical capacity is low. (-10% MP) [a
                  | neqoxec]
 69573 | Abyss:3  | Got an abyssal rune of Zot
 69892 | Abyss:4  | Found a corrupted altar of Lugonu.
 69895 | Elf:3    | Escaped the Abyss
 69911 | Elf:3    | Received a gift from Trog
 69945 | Elf:3    | Identified the +8 great sword "Giemepp" {drain, rElec rC-
                  | Dex-2 SInv}
 69945 | Elf:3    | Identified the amulet "Geb Qimp" {Harm -Tele *Drain rElec
                  | Str+7 Int+4}
 70038 | Elf:3    | Found the +12 Vampire's Tooth {vamp}
 70225 | Elf:3    | Identified the +2 scale mail of Starshine {rPois}
 70225 | Elf:3    | Identified the ring "Wood" {+Inv Stlth+}
 70277 | Elf:3    | Identified the ring of Rutec {+Inv rC+} (You found it on
                  | level 3 of the Elven Halls)
 70500 | Elf:3    | Found Soushups's Jewellery Emporium.
 70517 | Elf:3    | Bought a cursed amulet of inaccuracy for 26 gold pieces
 70517 | Elf:3    | Bought a cursed ring of attention for 58 gold pieces
 70518 | Elf:3    | Bought an uncursed ring of see invisible for 195 gold
                  | pieces
 71064 | Zot:1    | Entered Level 1 of the Realm of Zot
 71388 | Zot:1    | Received a gift from Trog
 71739 | Zot:1    | Reached skill level 16 in Fighting
 72688 | Zot:2    | Reached skill level 17 in Fighting
 73526 | Zot:2    | Received a gift from Trog
 73540 | Zot:2    | Noticed an orb of fire
 73553 | Zot:2    | Reached skill level 18 in Fighting
 73560 | Zot:2    | Gained mutation: You are frail. (-10% HP) [an orb of fire]
 73562 | Zot:2    | Killed an orb of fire
 74385 | Zot:3    | Reached skill level 19 in Fighting
 75791 | Zot:5    | Entered Level 5 of the Realm of Zot
 76044 | Zot:5    | Reached skill level 20 in Fighting
 76798 | Zot:5    | Cast into level 5 of the Abyss (a Zot trap)
 76798 | Abyss:5  | Entered Level 5 of the Abyss
 76893 | Abyss:5  | Received a gift from Trog
 77019 | Zot:5    | Escaped the Abyss
 77228 | Zot:5    | Reached skill level 21 in Fighting
 77531 | Zot:5    | Noticed an ancient lich
 77533 | Zot:5    | Noticed an orb of fire
 77547 | Zot:5    | Killed an ancient lich
 77558 | Zot:5    | Noticed an orb of fire
 77569 | Zot:5    | Killed an orb of fire
 77574 | Zot:5    | Gained mutation: You occasionally shout uncontrollably at
                  | your foes. [an orb of fire]
 77589 | Zot:5    | Reached skill level 22 in Fighting
 77946 | Zot:4    | Lost mutation: You are frail. (-10% HP) [potion of
                  | mutation]
 77946 | Zot:4    | Lost mutation: Your magical capacity is low. (-10% MP)
                  | [potion of mutation]
 77946 | Zot:4    | Lost mutation: You can translocate small distances at will.
                  | [potion of mutation]
 77946 | Zot:4    | Lost mutation: You have sharp toenails. [potion of
                  | mutation]
 77946 | Zot:4    | Gained mutation: You are weak. (Str -2) [potion of
                  | mutation]
 78069 | Zot:5    | Noticed an ancient lich
 78088 | Zot:5    | Killed an ancient lich
 78088 | Zot:5    | Received a gift from Trog
 78113 | Zot:5    | Noticed an ancient lich
 78115 | Zot:5    | Noticed an orb of fire
 78116 | Zot:5    | Noticed an ancient lich
 78117 | Zot:5    | Noticed an ancient lich
 78123 | Zot:5    | Gained mutation: Scrolls take you a little longer to read.
                  | [an orb of fire]
 78126 | Zot:5    | Killed an ancient lich
 78138 | Zot:5    | Killed an ancient lich
 78143 | Zot:5    | Killed an orb of fire
 78152 | Zot:5    | Noticed an orb of fire
 78164 | Zot:5    | HP: 10/209 [ancient lich/crystal spear (41)]
 78164 | Zot:5    | Killed from afar by an ancient lich

Vault maps used:
D:1:      erik_arrival_triangle_medium
D:2:      minmay_wonky_spiral, bloody_trog, chequers_ecumenical_altar_island,
          skrybe_limestone_x, uniq_jessica, uniq_robin
D:3:      good_gods_temple_1, serial_corexii_hall, corexii_hall_statues_deadend,
          corexii_hall_statues_i, hangedman_abyss_or_decor_stabs,
          wad_floor_pattern_1
D:4:      grunt_dithmenos_smoke, minitemple, nicolae_ashenzari_panopticon,
          uniq_ijyb
D:5:      first_ration
D:6:      minmay_temple_entry_mist
D:7:      lemuel_crystal_altar, serial_shops, shop, kennysheep_mini_moat, shop,
          shop, nicolae_shop_stone, uniq_pikel
D:8:      nicolae_ru_great_annihilating_truth
D:9:      minmay_quarter_circles, serial_shops, shop_statue, uniq_gastronok
D:10:     hangedman_pestilent_swarm, minmay_sticks_and_stones
D:11:     david_lair_generic, orc_0_dummy, uniq_josephine
D:12:     uniq_maurice
D:13:     grunt_vaults_entry_fortified
D:14:     serial_shops, shop, minmay_misc_feat_ornament
D:15:     gammafunk_depths_entry_grave, enter_trove_2
Temple:   jpeg_temple_island
Lair:1:   gammafunk_ghost_ooze
Lair:2:   minmay_swamp_entry_worms, grunt_megastairs_2
Lair:3:   minmay_snake_entry_guardpost_small, special_room, pf_torpor_hydra,
          uniq_rupert, uniq_urug
Lair:4:   portal_ice_cave_entry_pillars_1, eino_small_chamber_without_monster
Lair:5:   lab_entry_generic
Lair:6:   cheibrodos_lair_end_hotspot, slime_altar_2, minivault_11,
          infiniplex_staircase_pool_2, uniq_snorg
Swamp:1:  evilmike_swamp_ruin_house_1, swamp_pool2, uniq_jorgrun
Swamp:2:  hangedman_swamp_blocks
Swamp:3:  cheibrodos_swamp_monstrosity, evilmike_swamp_ruin_house_4
Swamp:4:  swamp_basic_johnstein, uniq_nikola, uniq_roxanne
Snake:1:  serial_shops, shop, uniq_agnes
Snake:2:  serial_shops, nicolae_shop_stone, minmay_shoptagon
Snake:3:  uniq_vashnia
Snake:4:  grunt_snake_rune_spirals
Slime:2:  cheibrodos_slime_lost_civilization_9
Orc:1:    uniq_erolcha
Orc:2:    st_orc_elflike, basic_altar, serial_shops, nicolae_shop_trees,
          nicolae_orc_damp_corner
Elf:1:    elf_arrival_001, minmay_elf_sorcery
Elf:2:    uniq_donald
Elf:3:    minmay_elf_hall, serial_shops, nicolae_shop_trees
Vaults:1: v_rooms_3, vaults_mumra_bighexcomb, nicolae_vaults_mini_display_case,
          v_misc_1, hangedman_vaults_hat, grunt_vaults_focal,
          nicolae_vaults_three_branches, v_rooms_1, grunt_vaults_hallway_short,
          vaults_dpeg_ring, nicolae_vaults_diagonal_hallway_9
Vaults:2: gammafunk_vaults_ghost_grave, v_misc_12,
          minmay_crypt_entry_simple_statues, st_hourglassy,
          nicolae_vaults_little_squares_6, nicolae_vaults_sealed_display,
          serial_hangedman_research, hangedman_research_thermodynamics,
          hangedman_research_metamorphosis, hangedman_research_quantum
Vaults:3: nicolae_vaults_circle_grid_a, hangedman_vaults_variations,
          dpeg_vaults_monster_row, ontoclasm_vaults_fault, v_rooms_2, v_misc_22,
          vaults_room_fours, ontoclasm_vaults_loading_screen,
          hangedman_vaults_maws, hangedman_vaults_nails
Vaults:4: nicolae_vaults_windows_and_doors_thing, ontoclasm_vaults_shuriken,
          v_misc_13, hangedman_vaults_unwind, hangedman_vaults_maws, v_misc_28,
          grunt_vaults_hallway_short, v_alt_pattern_2,
          nicolae_vaults_network_periphery, st_more_cells, v_misc_25,
          nicolae_vaults_shelves_hall, grunt_vaults_diagonal
Vaults:5: serial_shops
Depths:1: chequers_serial_rivers_micro_e, hell_entry, kennysheep_cluttered_room,
          minmay_stone_trees_medium, chequers_serial_rivers_marsh,
          minmay_st_funbox, minmay_misc_feat_iff, grunt_decor_resistance,
          kennysheep_generic_room_4, serial_bayou_shore_b
Depths:2: hangedman_slaughterboxes, pan_entry, hell_entry
Depths:3: minmay_glassy_protrusions, pan_entry, serial_shops,
          kennysheep_little_box, shop,
          nicolae_shop_temple_entry_statues_fountains, shop, hellmouth_1
Depths:4: little_maze_vault, enter_ziggurat_f, abyss_entry_crystal,
          lightli_too_deep, infiniplex_staircase_zigzag_3, uniq_frederick,
          uniq_xtahua
Depths:5: grunt_zot_entry_bicorn, minmay_misc_feat_alley, hell_entry
Zot:1:    hangedman_zot_decor_slant, st_stairs_11
Zot:2:    grunt_zot_stairs_mandelzot, st_small_dragon_hoard_4
Zot:4:    grunt_megastairs_4
Abyss:2:  hangedman_cross_veins
Abyss:3:  nicolae_abyss_rune_left_handed, evilmike_abyss_exit_plants,
          hangedman_abyss_sting,
          evilmike_nicolae_abyss_rune_betentacled_crabyss, minivault_1,
          serial_sigils_hangedman_shear
Abyss:4:  evilmike_abyss_exit_kraken, evilmike_abyss_exit_plants
Abyss:5:  evilmike_abyss_exit_5, evilmike_abyss_exit_mutagenic
Lab:      nicolae_lab_dead_adventurers, nicolae_lab_statue,
          labyrinth_skeletal_remains, nicolae_lab_grate_2
IceCv:    ice_cave_caverns_02

Skill      XL: |  1  2  3  4  5  6  7  8  9 10 11 12 13 14 15 16 17 18 19 20 21 22 23 24 25 26 27 |
---------------+----------------------------------------------------------------------------------+-----
Fighting       | 3 4 6 9 11 13 14 15 22 | 22.8
Slings         | 1 2 3 4 6 8 10 12 13 14 15 17 18 19 20 | 20.0
Armour         | 4 5 7 8 10 13 16 17 18 19 20 | 20.0
Shields        | 4 5 6 7 8 11 12 14 15 17 18 19 20 21 | 21.0
Axes           | 3 4 6 7 10 11 12 14 15 16 17 18 19 20 | 20.0
Stealth        | 4 5 13 19 20 | 20.0
Dodging        | 3 5 7 9 10 11 13 14 15 20 | 20.0
Evocations     | 3 5 6 8 10 11 12 14 15 20 | 20.0

Action                   |  1- 3 |  4- 6 |  7- 9 | 10-12 | 13-15 | 16-18 | 19-21 | 22-24 | 25-27 || total
-------------------------+-------+-------+-------+-------+-------+-------+-------+-------+-------++-------
Melee: War axe           |   103 |   188 |   299 |   598 |  1420 |   627 |   518 |  1209 |  2511 ||  7473
       Whip              |       |       |       |     7 |    41 |   102 |       |       |       ||   150
       Fustibalus        |       |       |       |       |       |       |       |       |     1 ||     1
 Fire: Hunting sling     |       |       |       |    24 |   270 |       |       |       |       ||   294
       Fustibalus        |       |       |       |       |    78 |   639 |   899 |   342 |  1127 ||  3085
Invok: Berserk           |       |       |     7 |    19 |    18 |    20 |     8 |    14 |    22 ||   108
       Brothers in Arms  |       |       |       |       |     5 |     7 |     3 |     2 |     4 ||    21
       Trog's Hand       |       |       |       |       |     2 |     2 |     2 |     5 |    18 ||    29
 Abil: Evoke Flight      |       |       |       |       |       |       |       |     1 |       ||     1
       Blink             |       |       |       |       |       |       |       |       |     4 ||     4
Evoke: Wand              |       |     1 |     1 |     1 |    14 |     4 |     3 |     6 |     8 ||    38
       Lamp of fire      |       |       |       |       |     2 |     1 |       |     1 |     2 ||     6
       Lightning rod     |       |       |       |       |       |     2 |       |       |       ||     2
       Box of beasts     |       |       |       |       |       |       |       |       |     1 ||     1
  Use: Scroll            |       |     2 |    11 |     5 |     7 |     5 |     5 |     8 |    30 ||    73
       Potion            |       |       |    12 |     4 |     8 |     3 |     1 |     3 |    23 ||    54
 Stab: Sleeping          |       |       |     1 |     8 |     7 |     2 |    11 |    29 |     2 ||    60
       Paralysed         |       |       |       |     2 |    14 |       |       |     1 |       ||    17
       Distracted        |       |       |       |     1 |     5 |       |     2 |     4 |     7 ||    19
       Confused          |       |       |       |       |       |       |       |       |     1 ||     1
  Eat: Chunk             |    17 |     9 |    14 |    51 |    45 |    17 |    19 |    30 |    45 ||   247
       Ration            |       |       |     2 |       |     3 |    10 |     5 |     5 |    17 ||    42
Armor: Scale mail        |    49 |    62 |   118 |       |       |       |       |       |       ||   229
       Skin              |       |     8 |       |       |       |       |       |       |       ||     8
       Ring mail         |       |       |       |   158 |   198 |   176 |    95 |   136 |       ||   763
       Plate armour      |       |       |       |       |   156 |       |       |       |       ||   156
       Gold dragon scale |       |       |       |       |       |       |       |     1 |   818 ||   819
Dodge: Dodged            |    50 |    62 |   124 |   160 |   303 |   291 |   149 |   391 |   929 ||  2459
Block: Shield            |    72 |   110 |   168 |   341 |   931 |   685 |   417 |   811 |  1920 ||  5455
       Reflection        |       |       |       |       |    25 |    52 |    80 |    76 |   133 ||   366

Table legend:
 A = Non-vault XP
 B = Vault XP
 C = Vault XP percentage of total XP
 D = Non-vault monster count
 E = Vault monster count
 F = Vault count percentage of total count
                 A         B        C        D         E       F
            +---------+---------+-------+---------+---------+-------
      Total |  860572 |  952903 |  52.5 |    1537 |     945 |  38.1
            +---------+---------+-------+---------+---------+-------
        D:1 |      32 |       0 |   0.0 |      19 |       0 |   0.0
        D:2 |      62 |      78 |  55.7 |      22 |      10 |  31.2
        D:3 |      44 |       0 |   0.0 |      14 |       0 |   0.0
        D:4 |     203 |      36 |  15.1 |       9 |       1 |  10.0
        D:5 |     160 |       0 |   0.0 |      15 |       0 |   0.0
        D:6 |    1014 |       0 |   0.0 |      21 |       0 |   0.0
        D:7 |    1687 |     641 |  27.5 |      30 |       1 |   3.2
        D:8 |    1732 |      45 |   2.5 |      30 |       4 |  11.8
        D:9 |    1586 |    5396 |  77.3 |      18 |      24 |  57.1
       D:10 |    4042 |    1162 |  22.3 |      40 |       5 |  11.1
       D:11 |    3504 |    2414 |  40.8 |      16 |       8 |  33.3
       D:12 |    3463 |     439 |  11.3 |      25 |       1 |   3.8
       D:13 |    4286 |    7210 |  62.7 |      24 |      10 |  29.4
       D:14 |    9838 |       0 |   0.0 |      41 |       0 |   0.0
       D:15 |    3593 |    3374 |  48.4 |      13 |       8 |  38.1
     Lair:1 |    3883 |    1924 |  33.1 |      15 |       7 |  31.8
     Lair:2 |    2922 |    2710 |  48.1 |      15 |      31 |  67.4
     Lair:3 |    2573 |    5053 |  66.3 |      10 |       7 |  41.2
     Lair:4 |    4223 |       0 |   0.0 |      10 |       0 |   0.0
     Lair:5 |    2998 |       0 |   0.0 |      11 |       0 |   0.0
     Lair:6 |    6219 |   10923 |  63.7 |      20 |      28 |  58.3
    Swamp:1 |   11722 |    2986 |  20.3 |      21 |       1 |   4.5
    Swamp:2 |    9750 |       0 |   0.0 |      25 |       0 |   0.0
    Swamp:3 |   17058 |    2949 |  14.7 |      38 |       1 |   2.6
    Swamp:4 |   17071 |   23533 |  58.0 |      32 |      33 |  50.8
    Snake:1 |   13771 |    2248 |  14.0 |      27 |       1 |   3.6
    Snake:2 |   19140 |       0 |   0.0 |      35 |       0 |   0.0
    Snake:3 |   14246 |    8885 |  38.4 |      28 |       5 |  15.2
    Snake:4 |   20665 |   52861 |  71.9 |      35 |      91 |  72.2
    Slime:2 |    4085 |       0 |   0.0 |       6 |       0 |   0.0
    Slime:3 |    4934 |       0 |   0.0 |      10 |       0 |   0.0
    Slime:4 |    6983 |       0 |   0.0 |      10 |       0 |   0.0
    Slime:5 |   15591 |   34089 |  68.6 |      32 |      11 |  25.6
      Orc:1 |     737 |       0 |   0.0 |      14 |       0 |   0.0
      Orc:2 |    1794 |    8401 |  82.4 |      20 |      25 |  55.6
      Elf:1 |   16005 |    8526 |  34.8 |      29 |      14 |  32.6
      Elf:2 |   15137 |   21287 |  58.4 |      24 |      26 |  52.0
      Elf:3 |   16763 |   41980 |  71.5 |      25 |      25 |  50.0
   Vaults:1 |   23073 |   20621 |  47.2 |      69 |      36 |  34.3
   Vaults:2 |   37286 |   33785 |  47.5 |      54 |      51 |  48.6
   Vaults:3 |   28230 |   28479 |  50.2 |      65 |      36 |  35.6
   Vaults:4 |   24559 |   39520 |  61.7 |      32 |      39 |  54.9
   Vaults:5 |   27691 |  162223 |  85.4 |      48 |      99 |  67.3
   Depths:1 |   14150 |   11305 |  44.4 |      16 |       9 |  36.0
   Depths:2 |       0 |  114327 | 100.0 |       0 |     100 | 100.0
   Depths:3 |   43865 |   10486 |  19.3 |      54 |       9 |  14.3
   Depths:4 |   41874 |   62690 |  60.0 |      42 |      36 |  46.2
   Depths:5 |   41503 |   22348 |  35.0 |      46 |      14 |  23.3
      Zot:1 |   62437 |    5405 |   8.0 |      41 |       3 |   6.8
      Zot:2 |   43892 |   57902 |  56.9 |      25 |      33 |  56.9
      Zot:3 |   37133 |       0 |   0.0 |      22 |       0 |   0.0
      Zot:4 |   15823 |    8114 |  33.9 |       9 |       8 |  47.1
      Zot:5 |   69940 |   97971 |  58.3 |      43 |      22 |  33.8
    Abyss:2 |    8207 |    1878 |  18.6 |      15 |       5 |  25.0
    Abyss:3 |   57731 |   13387 |  18.8 |      97 |      16 |  14.2
    Abyss:5 |   19662 |       0 |   0.0 |      30 |       0 |   0.0
        Lab |       0 |    1111 | 100.0 |       0 |       1 | 100.0
      IceCv |       0 |   12201 | 100.0 |       0 |      50 | 100.0
            +---------+---------+-------+---------+---------+-------
